 Dungeon Crawl Stone Soup version 0.22-b1-21-g5cfc1688f2 (webtiles) character file.

653 Arth the Cleaver (level 7, -3/56 HPs)
             Began as a Minotaur Gladiator on Aug 8, 2018.
             Slain by Blork the orc
             ... wielding a +2 war axe of venom
              (4 damage)
             ... on level 5 of the Dungeon.
             The game lasted 00:07:43 (3397 turns).

Arth the Cleaver (Minotaur Gladiator)               Turns: 3397, Time: 00:07:44

Health: -3/56      AC:  6    Str: 20    XL:     7   Next: 29%
Magic:  6/6        EV: 12    Int:  8    God:
Gold:   247        SH:  0    Dex: 12    Spells: 6/6 levels left

rFire    . . .     SeeInvis .   s - +0 hand axe (chop)
rCold    . . .     Gourm    .   (no shield)
rNeg     . . .     Faith    .   o - +0 ring mail
rPois    .         Spirit   .   c - +1 hat
rElec    .         Reflect  .   (no cloak)
rCorr    .         Harm     .   (no gloves)
MR       .....                  (no boots)
Stlth    +.........             (no amulet)
HPRegen  0.18/turn              g - +3 ring of intelligence
MPRegen  0.10/turn              (no ring)

@: lethally poisoned (-3 -> -37)
A: retaliatory headbutt, horns 2
a: no special abilities


You were on level 5 of the Dungeon.
You were not hungry.

You visited 1 branch of the dungeon, and saw 5 of its levels.

You collected 247 gold pieces.

Inventory:

Hand Weapons
 s - a +0 hand axe of chopping (weapon)
 t - a +0 mace of holy wrath
Missiles
 d - 3 throwing nets (quivered)
Armour
 c - a +1 hat (worn)
 o - a +0 ring mail (worn)
Jewellery
 g - a +3 ring of intelligence (left hand)
Wands
 a - a wand of acid (7)
 l - a wand of polymorph (14)
Scrolls
 b - a scroll of identify
 h - 4 scrolls of remove curse
 i - a scroll of enchant weapon {unknown}
 j - 7 scrolls of teleportation
 p - a scroll of magic mapping {unknown}
 q - a scroll of fog {unknown}
Potions
 e - a potion of degeneration {unknown}
 k - 2 potions of agility
 m - a potion of haste
 n - a potion of might
Comestibles
 f - 7 rations


   Skills:
 - Level 2.4 Fighting
 * Level 10.2 Axes
 - Level 2.0 Throwing
 - Level 3.2 Dodging


You had 6 spell levels left.
You didn't know any spells.
Your spell library was empty.

Dungeon Overview and Level Annotations

Branches:
Dungeon (5/15)
 Temple: D:4-7

Altars:

Shops:
D:4 [

Annotations:
D:5 Blork the orc


Innate Abilities, Weirdness & Mutations

You reflexively headbutt those who attack you in melee.
You have a pair of horns on your head.


Message History

You are more poisoned.
You hit Blork the orc but do no damage.
Blork the orc is severely wounded.
* * * LOW HITPOINT WARNING * * *
You feel very sick.
Blork the orc gestures at you while chanting.
The puff of frost hits you!
* * * LOW HITPOINT WARNING * * *
You hit Blork the orc.
Blork the orc is almost dead.
* * * LOW HITPOINT WARNING * * *
You feel very sick.
Blork the orc hits you with a war axe of venom.
* * * LOW HITPOINT WARNING * * *
You closely miss Blork the orc.
Blork the orc is almost dead.
* * * LOW HITPOINT WARNING * * *
You feel sick.
Blork the orc hits you with a war axe of venom.
You die...

#.. ...# .. ..#
<. ..# # . ..#
#.##. #.#
#....##.####
#....†..##.###>#
#....o@)#.<....#
........).....###
##.#...#.#[..##
#.....#.##.##
#.......####
####.#### #. #.


You could see Blork the orc.

Vanquished Creatures
  Sigmund (D:4)
  Duvessa (D:4)
  Dowan (D:4)
  4 orc priests
  Ijyb (D:4)
  An orc wizard (D:3)
  5 adders
  A howler monkey skeleton (D:4)
  An ooze (D:4)
  2 worms (D:4)
  A dart slug (D:2)
  5 leopard geckos
  13 orcs
  3 ball pythons
  4 bats
  5 giant cockroaches
  10 goblins
  7 hobgoblins
  7 kobolds
  4 quokkas
  9 frilled lizards
  A quokka skeleton (D:4)
  2 quokka zombies (D:4)
  7 rats
96 creatures vanquished.

Notes
Turn   | Place    | Note
-------+----------+-------------------------------------------
     0 | D:1      | Arth the Minotaur Gladiator began the quest for the Orb.
     0 | D:1      | Reached XP level 1. HP: 18/18 MP: 0/0
   145 | D:1      | Reached skill level 4 in Axes
   291 | D:1      | Reached XP level 2. HP: 25/25 MP: 1/1
   947 | D:2      | Reached skill level 5 in Axes
   966 | D:2      | Reached XP level 3. HP: 28/30 MP: 2/2
  1608 | D:3      | Reached skill level 6 in Axes
  1608 | D:3      | Reached XP level 4. HP: 33/37 MP: 3/3
  2005 | D:3      | Reached XP level 5. HP: 41/42 MP: 4/4
  2010 | D:3      | Reached skill level 7 in Axes
  2303 | D:4      | Noticed Sigmund
  2315 | D:4      | Killed Sigmund
  2315 | D:4      | Reached skill level 8 in Axes
  2315 | D:4      | Reached XP level 6. HP: 39/50 MP: 5/5
  2367 | D:4      | Noticed Ijyb
  2381 | D:4      | Killed Ijyb
  2381 | D:4      | Reached skill level 9 in Axes
  2614 | D:4      | Found Oqoh's Antique Armour Shoppe.
  2822 | D:4      | Noticed Duvessa
  2831 | D:4      | Noticed Dowan
  2835 | D:4      | Killed Duvessa
  2835 | D:4      | Reached XP level 7. HP: 52/56 MP: 6/6
  2855 | D:4      | Killed Dowan
  2855 | D:4      | Reached skill level 10 in Axes
  3366 | D:5      | Entered Level 5 of the Dungeon
  3376 | D:5      | Noticed Blork the orc
  3396 | D:5      | HP: 2/56 [Blork the orc/war axe of venom (3)]
  3397 | D:5      | Slain by Blork the orc

Skill      XL: |  1  2  3  4  5  6  7 |
---------------+----------------------+-----
Axes           | 4 5 6 8 9 10 | 10.2
Fighting       | |  2.4
Throwing       | |  2.0
Dodging        | |  3.2

Action                   |  1- 3 |  4- 6 |  7- 9 || total
-------------------------+-------+-------+-------++-------
Melee: War axe           |    87 |    35 |       ||   122
       Headbutt          |     6 |    22 |    10 ||    38
       Hand axe          |       |    62 |    40 ||   102
  Use: Scroll            |       |    11 |       ||    11
       Potion            |       |     6 |     2 ||     8
  Eat: Chunk             |     2 |     4 |     1 ||     7
       Ration            |       |       |     1 ||     1
Armor: Leather armour    |     5 |       |       ||     5
       Ring mail         |    32 |    29 |     8 ||    69
       Skin              |       |     1 |       ||     1
Dodge: Dodged            |    53 |    54 |    23 ||   130
